 Dungeon Crawl Stone Soup version 0.26-a0-639-g72c4674329 (webtiles) character file.

Game seed: 6052861996602583229

77 Flugslaktarn the Shield-Bearer (level 4, 0/42 HPs)
             Began as a Deep Dwarf Fighter on Sept 24, 2020.
             Slain by an orc priest
             ... wielding a +0 hand axe
              (2 damage)
             ... on level 4 of the Dungeon.
             The game lasted 00:00:29 (633 turns).

Flugslaktarn the Shield-Bearer (Deep Dwarf Fighter)  Turns: 633, Time: 00:00:30

Health: 0/42       AC:  7    Str: 21    XL:     4   Next: 13%
Magic:  4/4        EV:  7    Int:  8    God:
Gold:   97         SH:  9    Dex: 12    Spells: 3/3 levels left

rFire    . . .     SeeInvis .   j - +1 hand axe (elec)
rCold    . . .     Faith    .   c - +0 kite shield
rNeg     . . .     Spirit   .   b - +0 scale mail
rPois    .         Reflect  .   (no helmet)
rElec    .         Harm     .   (no cloak)
rCorr    .         Rampage  .   (no gloves)
MR       .....                  (no boots)
Stlth    ..........             (no amulet)
HPRegen  0.00/turn              (no ring)
MPRegen  0.09/turn              (no ring)

@: non-regenerating
A: damage resistance, heal wounds, sense surroundings 1, no regeneration
a: Heal Wounds


You were on level 4 of the Dungeon.
You visited 1 branch of the dungeon, and saw 4 of its levels.

You collected 97 gold pieces.

Inventory:

Hand Weapons
 a - a +0 war axe
 j - a +1 hand axe of electrocution (weapon)
   (You took it off an orc on level 3 of the Dungeon)
Armour
 b - a +0 scale mail (worn)
 c - a +0 kite shield (worn)
Scrolls
 f - a scroll of random uselessness {unknown}
 g - 2 scrolls of magic mapping {unknown}
 i - 2 scrolls of identify {unknown}
Potions
 d - a potion of might
 e - a potion of mutation {unknown}
 h - a potion of heal wounds {unknown}


   Skills:
 * Level 3.4 Fighting
 * Level 3.3 Axes
 + Level 3.7 Armour
 + Level 3.7 Shields


You had 3 spell levels left.
You didn't know any spells.
Your spell library was empty.

Dungeon Overview and Level Annotations

Branches:
Dungeon (4/15)
 Temple: D:4-7

Altars:


Innate Abilities, Weirdness & Mutations

You are resistant to damage.
You can heal yourself by infusing magical energy.
You passively map a small area around you.
You do not regenerate.


Message History

You hit the orc priest but do no damage.
You hit the worker ant but do no damage.
You hear a shout!
The worker ant closely misses you.
An orc priest comes into view.
The orc wizard hits you but does no damage.
An orc wizard comes into view. It is wielding a +0 dagger.
You block the orc priest's attack.
You closely miss the orc wizard.
The orc wizard is moderately wounded.
You barely miss the orc priest. You barely miss the worker ant.
The orc priest shouts!
The orc wizard shouts!
The worker ant bites you.
* * * LOW HITPOINT WARNING * * *
The orc priest calls down the wrath of Beogh upon you.
Beogh smites you!
* * * LOW HITPOINT WARNING * * *
You block the orc wizard's attack.
The orc priest hits you with a +0 hand axe.
You die...

, *** * ,, ,
.o.... .. , , ,
...o.. ,##. , ,,
..o... ..# ,.. ,
##....###.##,. ,
,
#...oo.....#.#*#
, *
#..........#.#. ,
#.....o)o...(.. *
, ,
#.....a@).#.#.#.#
,
....w............
.........<#.....
#.........#*##..,
, ########### ,
,,, * ,, , , ,


You could see a worm, a worker ant, 2 orc priests, 2 orc wizards and 3 orcs.

Vanquished Creatures
  5 adders
  An ooze (D:3)
  4 orcs
  A giant cockroach (D:2)
  2 goblins
  2 hobgoblins (D:3)
  3 kobolds
  5 bats
  4 rats
27 creatures vanquished.

Notes
Turn   | Place    | Note
-------+----------+-------------------------------------------
     0 | D:1      | Flugslaktarn the Deep Dwarf Fighter began the quest for the
                  | Orb.
     0 | D:1      | Reached XP level 1. HP: 20/20 MP: 1/1
   122 | D:2      | Reached XP level 2. HP: 27/27 MP: 2/2
   211 | D:2      | Reached XP level 3. HP: 30/34 MP: 3/3
   460 | D:3      | Noticed a steam dragon
   460 | D:3      | Noticed a water moccasin
   511 | D:3      | Reached XP level 4. HP: 31/42 MP: 4/4
   633 | D:4      | HP: 2/42 [orc priest/divine providence (10)]
   633 | D:4      | Slain by an orc priest

Illustrated notes

Levels and vault maps discovered:
D:1:      dpeg_arrival_rooms_c, layout_rooms, minmay_unequal
D:2:      layout_loops_ring, grunt_decor_clamped
D:3:      layout_loops_cross, lightli_corner_chamber
D:4:      layout_rooms, minmay_temple_entry_slanted, serial_shops,
          shop_fountains

Skill      XL: |  1  2  3 |
---------------+----------+-----
Fighting       | 3 |  3.4
Axes           | 3 |  3.3
Armour         | |  3.7
Shields        | |  3.7

Action                   |  1- 3 |  4- 6 || total
-------------------------+-------+-------++-------
Melee: War axe           |    71 |     7 ||    78
       Hand axe          |       |     6 ||     6
Armor: Scale mail        |    39 |     5 ||    44
Dodge: Dodged            |    30 |     4 ||    34
Block: Kite shield       |    44 |     8 ||    52

Table legend: (Time is in decaauts)
 A = Elapsed time spent in this place.
 B = Non-inter-level travel time spent in this place.
 C = Inter-level travel time spent in this place.
 D = Time resting spent in this place.
 E = Time spent auto-exploring this place.
 F = Levels seen in this place.
 G = Mean time per level.
                   A        B        C        D        E       F      G
               +--------+--------+--------+--------+--------+-----+--------+
         Total |    666 |    645 |     21 |      0 |    439 |   4 |  166.5 |
       Dungeon |    666 |    645 |     21 |      0 |    439 |   4 |  166.5 |
               +--------+--------+--------+--------+--------+-----+--------+

Top non-repeatable levels by time:
     D:3: 329 daAuts
     D:2: 212 daAuts
     D:1: 118 daAuts
     D:4: 6 daAuts
